 Dungeon Crawl Stone Soup version 0.29.1-13-g9f3cf754e1 (webtiles) character file.

Game seed: 4558451802445283004

730 BabyfaceFinlayson the Cudgeller (level 7, -1/44 HPs)
             Began as a Gargoyle Berserker on Feb 3, 2023.
             Was a Priest of Trog.
             Splashed by a jelly's acid (9 damage)
             ... on level 5 of the Dungeon.
             The game lasted 00:17:32 (5128 turns).

BabyfaceFinlayson the Cudgeller (GrBe)              Turns: 5128, Time: 00:17:34

Health: -1/44      AC:  9    Str: 22    XL:     7   Next: 73%
Magic:  7/7        EV:  9    Int:  8    God:    Trog [***...]
Gold:   322        SH:  0    Dex: 15    Spells: 6/6 levels left

rFire   . . .      SeeInvis .   a - +0 mace
rCold   . . .      Faith    .   (no shield)
rNeg    + . .      Spirit   .   k - +0 chain mail
rPois   ∞          Reflect  .   r - +2 hat
rElec   +          Harm     .   e - +0 cloak
rCorr   .          Rampage  .   (no gloves)
Will    .....                   (no boots)
Stlth   ..........              (no amulet)
HPRegen 0.14/turn               v - +6 ring of dexterity
MPRegen 0.10/turn               n - +4 ring of protection

@: corroded
A: sickness immunity, AC +4, negative energy resistance 1, electricity
resistance, torment resistance 1, petrification resistance
a: Renounce Religion, Berserk, Trog's Hand


You were on level 5 of the Dungeon.
You worshipped Trog.
Trog was most pleased with you.
You visited 1 branch of the dungeon, and saw 5 of its levels.

You collected 322 gold pieces.

Inventory:

Hand Weapons
 a - a +0 mace (weapon)
Missiles
 w - 2 boomerangs (quivered)
Armour
 e - a +0 cloak (worn)
 k - a +0 chain mail (worn)
 r - a +2 hat (worn)
Jewellery
 b - a ring of protection from fire
 l - a ring of magical power
 m - a ring of willpower
 n - a +4 ring of protection (right hand)
 p - a ring of protection from fire
 s - a ring of resist corrosion
 v - a +6 ring of dexterity (left hand)
Wands
 u - a wand of acid (5)
Scrolls
 i - a scroll of magic mapping
 q - a scroll of identify
Potions
 c - a potion of might
 d - a potion of magic
 f - a potion of invisibility
 g - 3 potions of attraction {unknown}
 h - a potion of brilliance {unknown}
 j - 2 potions of curing {unknown}
 o - 2 potions of heal wounds {unknown}


   Skills:
 + Level 5.0 Fighting
 + Level 5.9 Maces & Flails
 + Level 4.5 Armour
 + Level 3.1 Dodging
 + Level 2.2 Stealth
 + Level 0.4 Evocations


You had 6 spell levels left.
You didn't know any spells.
Your spell library was empty.

Dungeon Overview and Level Annotations

Branches:
Dungeon (5/15)
 Temple: D:4-7

Altars:
Ashenzari
Dithmenos
Elyvilon
Gozag
Makhleb
Okawaru
Qazlal
Ru
Sif Muna
Wu Jian
Zin

Shops:
D:1 (


Innate Abilities, Weirdness & Mutations

You are immune to sickness and miasma.
Your stone body is resilient. (AC +4)
You are immune to poison.
You resist negative energy. (rN+)
You are resistant to electric shocks. (rElec)
You are resistant to unholy torment.
You are immune to petrification.


Message History

The black bear is almost dead.
The black bear bites you.
The black bear claws you but does no damage. x2
You hit the black bear.
You kill the black bear!
Trog accepts your kill.
Your Fighting skill increases to level 5!
Found a stone staircase leading up.
o - 2 bubbling red potions (gained 1)
You now have 322 gold pieces (gained 6).
A jelly comes into view.
The jelly quivers.
A jelly is nearby!
You hit the jelly. The acid corrodes you!
Your hands burn!
The jelly is lightly wounded.
The jelly hits you.
You are splashed with acid!
The jelly hits you but does no damage.
You hit the jelly but do no damage. The acid corrodes you!
Your hands burn!
The jelly is lightly wounded.
The jelly hits you but does no damage.
You hit the jelly.
Your hands burn!
The jelly is moderately wounded.
The jelly hits you but does no damage.
You hit the jelly but do no damage.
Your hands burn!
The jelly is moderately wounded.
The jelly hits you but does no damage.
You hit the jelly.
Your hands burn!
The jelly is heavily wounded.
The jelly hits you.
You are splashed with acid.
You hit the jelly but do no damage.
Your hands burn!
* * * LOW HITPOINT WARNING * * *
The jelly is heavily wounded.
The jelly hits you but does no damage.
You hit the jelly.
Your hands burn!
* * * LOW HITPOINT WARNING * * *
The jelly is heavily wounded.
The jelly hits you.
* * * LOW HITPOINT WARNING * * *
The acid corrodes you!
You are splashed with acid!
You die...

#### .... .... .#..##
...# #######
####.#####.....##
.#.........###..########
.#...#####.# #..@J......
......####.# #..###.####
..........^<.....
...#..########..##
#..#..# #..# #..#..#
#..# #..#..# #..#
#..#..# .... ......#


You could see a jelly.

Vanquished Creatures
  A black bear (D:5)
  A phantom (D:4)
  2 scorpions
  2 gnoll boudas (D:5)
  2 hounds (D:5)
  3 orc wizards (D:3)
  7 gnolls (D:5)
  6 adders
  An ufetubus (D:4)
  2 worms
  2 dart slugs
  12 orcs
  10 ball pythons
  9 endoplasms
  4 giant cockroaches
  6 goblins
  8 hobgoblins
  3 jackals (D:4)
  9 kobolds
  7 quokkas
  15 bats
  2 frilled lizards (D:3)
  10 rats
124 creatures vanquished.

Notes
Turn   | Place    | Note
-------+----------+-------------------------------------------
     0 | D:1      | BabyfaceFinlayson the Gargoyle Berserker began the quest
                  | for the Orb.
     0 | D:1      | Reached XP level 1. HP: 14/14 MP: 1/1
     2 | D:1      | Noticed a minotaur skeleton
    13 | D:1      | Noticed a minotaur skeleton
    46 | D:1      | Found Hutaq's Weapon Boutique.
   266 | D:1      | Reached XP level 2. HP: 18/19 MP: 2/2
  1039 | D:1      | Reached XP level 3. HP: 22/24 MP: 3/3
  1127 | D:2      | Reached ** piety under Trog
  1352 | D:2      | You fall into a shaft and drop 2 floors!
  1599 | D:3      | Reached XP level 4. HP: 15/29 MP: 4/4
  2275 | D:2      | Reached skill level 1 in Stealth
  2632 | D:3      | Reached XP level 5. HP: 33/33 MP: 5/5
  2643 | D:3      | Reached *** piety under Trog
  3716 | D:4      | Reached XP level 6. HP: 34/39 MP: 6/6
  3795 | D:4      | Reached skill level 5 in Maces & Flails
  3969 | D:4      | Found a broken altar of Ashenzari.
  4089 | D:4      | Found an iron altar of Okawaru.
  4089 | D:4      | Found an opulent altar of Gozag.
  4089 | D:4      | Found a sacrificial altar of Ru.
  4090 | D:4      | Found a glowing silver altar of Zin.
  4090 | D:4      | Found an ornate altar of the Wu Jian Council.
  4091 | D:4      | Found a stormy altar of Qazlal.
  4091 | D:4      | Found a burning altar of Makhleb.
  4172 | D:4      | Found a white marble altar of Elyvilon.
  4173 | D:4      | Found a shadowy altar of Dithmenos.
  4173 | D:4      | Found a shimmering blue altar of Sif Muna.
  4596 | D:5      | Entered Level 5 of the Dungeon
  4640 | D:5      | Reached XP level 7. HP: 18/44 MP: 7/7
  4642 | D:5      | Reached **** piety under Trog
  4942 | D:5      | Reached skill level 5 in Fighting
  5128 | D:5      | Splashed by a jelly's acid

Illustrated notes

Levels and vault maps discovered:
D:1:      shiori_arrival_whats_in_store_for_you, layout_loops_ring,
          serial_shops, shop_fountains
D:2:      layout_loops_cross, nrook_campfire
D:3:      minmay_chambers_of_twos, layout_basic, roderic_batcave
D:4:      layout_gridville, nicolae_overflows_in_rows,
          kennysheep_generic_room_14
D:5:      layout_loops_ring, serial_glass, glass_columns_a, glass_columns_a,
          due_unseen_surprise, skrybe_limestone_x

Skill      XL: |  1  2  3  4  5  6  7 |
---------------+----------------------+-----
Dodging        | 2 3 |  3.1
Fighting       | 4 5 |  5.0
Stealth        | 1 2 |  2.2
Maces & Flails | 4 5 |  5.9
Armour         | 4 |  4.5
Evocations     | |  0.4

Action                   |  1- 3 |  4- 6 |  7- 9 || total
-------------------------+-------+-------+-------++-------
Melee: Mace              |   130 |   243 |    51 ||   424
       Punch             |     3 |     3 |     1 ||     7
Invok: Berserk           |       |     2 |     1 ||     3
Evoke: Wand              |       |     1 |     7 ||     8
  Use: Scroll            |       |     9 |       ||     9
       Potion            |       |     1 |       ||     1
 Stab: Sleeping          |       |     2 |       ||     2
       Invisible         |       |       |     3 ||     3
Armor: Animal skin       |   118 |    38 |       ||   156
       Chain mail        |       |   123 |    53 ||   176
Dodge: Dodged            |   168 |   162 |    29 ||   359
